 Dungeon Crawl Stone Soup version 0.32-a0-891-gc41d80381e (webtiles) character file.

Game seed: 5969735346591256517

18 TISL the Chopper (level 2, 23/24 HPs)
             Began as a Coglin Chaos Knight on Apr 3, 2024.
             Was a Plaything of Xom.
             Quit the game on level 1 of the Dungeon.
             The game lasted 00:02:35 (329 turns).

TISL the Chopper (Coglin Chaos Knight)               Turns: 329, Time: 00:02:36

Health: 23/24      AC:  5    Str: 12    XL:     2   Next: 66%
Magic:  2/2        EV: 10    Int: 11    God:    Xom [..*...]
Gold:   35         SH:  0    Dex: 13    Spells: 1/1 levels left

rFire   . . .        a - +0 hand axe (chaos) {Hajoon}
rCold   . . .        d - +0 dagger {Gloria}
rNeg    . . .        b - +2 leather armour
rPois   .            (no helmet)
rElec   .            (no cloak)
rCorr   .            (no gloves)
SInv    .            (no boots)
Will    .....        (amulet unavailable)
Stlth   +            (ring unavailable)
HPRegen 0.24/turn    (ring unavailable)
MPRegen 0.08/turn    (no gizmo)

%: no passive effects
@: no status effects
A: off-hand wielding, slow wielding, warmup strikes, no jewellery
a: Invent Gizmo, Renounce Religion


You were on level 1 of the Dungeon.
You worshipped Xom.
You were a toy of Xom.
You visited 1 branch of the dungeon, and saw 1 of its levels.

You collected 35 gold pieces.

Inventory:

Hand Weapons
 a - a +0 hand axe of chaos (weapon) {Hajoon}
 d - a +0 dagger (offhand) {Gloria}
Armour
 b - a +2 leather armour (worn)
Scrolls
 c - a scroll of butterflies


   Skills:
 + Level 3.2 Fighting
 + Level 3.2 Axes
 + Level 2.1 Armour
 + Level 1.3 Dodging


You had one spell level left.
You didn't know any spells.
Your spell library was empty.

Dungeon Overview and Level Annotations

Branches:
Dungeon (1/15)

Altars:


Innate Abilities, Weirdness & Mutations

You can wield a second weapon in your off-hand.
It takes a long time for you to wield or remove held weapons.
Your first few attacks do less damage.
You cannot equip rings or amulets.


Message History

The quokka bites you.
You barely miss the quokka with your +0 hand axe of chaos.
The quokka is moderately wounded.
You barely miss the quokka with your +0 dagger.
The quokka closely misses you.
You barely miss the quokka with your +0 hand axe of chaos.
The quokka is moderately wounded.
You barely miss the quokka with your +0 dagger.
The quokka closely misses you.
The quokka bites you but does no damage.
You hit the quokka but do no damage.
The quokka is moderately wounded.
You hit the quokka but do no damage.
The quokka appears confused.
You hit the quokka with your +0 hand axe of chaos.
You kill the quokka!
No target in view!
No target in view!
You now have 35 gold pieces (gained 11).
A rat comes into view.
Found 10 gold pieces.
The rat squeaks loudly.
You hear an angry hiss.
You see here a quokka corpse.
A rat is nearby!
A frilled lizard comes into view.
The rat barely misses you. The frilled lizard bites you.
You hit the frilled lizard with your +0 dagger.
You kill the frilled lizard!
You closely miss the rat with your +0 hand axe of chaos.
The rat bites you but does no damage. The rat bites you.
You barely miss the rat with your +0 hand axe of chaos.
You barely miss the rat with your +0 dagger.
The rat bites you but does no damage.
You hit the rat with your +0 dagger.
The rat is severely wounded.
You hit the rat with your +0 hand axe of chaos.
You kill the rat!
No target in view!
No target in view!
You see here a quokka corpse.
Are you sure you want to abandon this character and quit the game? (Confirm with "yes".)

###.. ####### .. ..##
#<..... #. $.# #'#####
#. #.# #...... #. #.#
#.##### #.###.#####
#......
#.....#...####..#######
######.#.#......# #..
.....:..@...###### #.#
.####............# #.#
.......##..####.######.#
####.####..............#
#. #...###.######## #.
#...# #.# .. ....# #.#
####.# #.# .# #.#


There were no monsters in sight!

Vanquished Creatures
  2 ball pythons (D:1)
  An endoplasm (D:1)
  A goblin (D:1)
  A hobgoblin (D:1)
  3 jackals (D:1)
  A quokka (D:1)
  2 frilled lizards (D:1)
  3 kobolds (D:1)
  3 rats (D:1)
17 creatures vanquished.

Notes
Turn   | Place    | Note
-------+----------+-------------------------------------------
     0 | D:1      | TISL the Coglin Chaos Knight began the quest for the Orb.
     0 | D:1      | Reached XP level 1. HP: 18/18 MP: 1/1
   103 | D:1      | Reached skill level 1 in Dodging
   118 | D:1      | Reached XP level 2. HP: 24/24 MP: 2/2
   329 | D:1      | Quit the game

Illustrated notes

Levels and vault maps discovered:
D:1:      wheals_arrival_linesprint, layout_loops_ring

Skill      XL: |  1  2 |
---------------+-------+-----
Dodging        | 1 |  1.3
Armour         | 2 |  2.1
Fighting       | |  3.2
Axes           | |  3.2

Action                     || total
---------------------------++-------
  Melee: Hand axe          ||    34
         Dagger            ||    27
 Armour: Leather armour    ||    24
  Dodge: Dodged            ||    20

Table legend: (Time is in decaauts)
 A = Elapsed time spent in this place.
 B = Non-inter-level travel time spent in this place.
 C = Inter-level travel time spent in this place.
 D = Time resting spent in this place.
 E = Time spent auto-exploring this place.
 F = Levels seen in this place.
 G = Mean time per level.
                   A        B        C        D        E       F      G
               +--------+--------+--------+--------+--------+-----+--------+
         Total |    332 |    322 |     10 |      0 |    246 |   1 |  332.0 |
       Dungeon |    332 |    322 |     10 |      0 |    246 |   1 |  332.0 |
               +--------+--------+--------+--------+--------+-----+--------+

Top non-repeatable levels by time:
     D:1: 332 daAuts
